 Dungeon Crawl Stone Soup version 0.26.1-11-gd32895ea62 (webtiles) character file.

Game seed: 9603662355449386648

923 ratatacist the Cudgeller (level 8, -12/75 HPs)
             Began as a Gargoyle Berserker on June 27, 2021.
             Was a Priest of Trog.
             Mangled by an ogre
             ... wielding a +0 giant spiked club
              (18 damage)
             ... on level 5 of the Dungeon.
             The game lasted 00:13:12 (4105 turns).

ratatacist the Cudgeller (Gargoyle Berserker)       Turns: 4105, Time: 00:13:12

Health: -12/75     AC: 15    Str: 23    XL:     8   Next: 10%
Magic:  8/8        EV:  9    Int:  8    God:    Trog [***...]
Gold:   177        SH:  0    Dex:  9    Spells: 7/7 levels left

rFire    . . .     SeeInvis .   a - +0 mace
rCold    . . .     Faith    .   (no shield)
rNeg     + . .     Spirit   .   n - +0 chain mail
rPois    ∞         Reflect  .   (no helmet)
rElec    +         Harm     .   (no cloak)
rCorr    +         Rampage  .   (no gloves)
Will     +++..                  (no boots)
Stlth    ..........             (no amulet)
HPRegen  1.22/turn              b - ring of willpower
MPRegen  0.11/turn              m - ring of resist corrosion

@: berserking, regenerating, very quick
A: negative energy resistance 1, electricity resistance, unbreathing,
petrification resistance, miasma immunity, AC +5
a: Renounce Religion, Berserk, Trog's Hand


You were on level 5 of the Dungeon.
You worshipped Trog.
Trog was most pleased with you.
You visited 1 branch of the dungeon, and saw 5 of its levels.

You collected 177 gold pieces.

Inventory:

Hand Weapons
 a - a +0 mace (weapon)
Armour
 n - a +0 chain mail (worn)
Jewellery
 b - a ring of willpower (left hand)
 g - an uncursed ring of wizardry
 m - a ring of resist corrosion (right hand)
 w - an uncursed ring of stealth {unknown}
Wands
 t - a wand of iceblast (9)
Scrolls
 c - a scroll of fog {unknown}
 d - a scroll of teleportation {unknown}
 e - 3 scrolls of enchant armour
 i - 10 scrolls of identify
 k - a scroll of immolation {unknown}
 l - a scroll of remove curse {unknown}
 q - a scroll of enchant weapon {unknown}
 r - a scroll of blinking
 s - 2 scrolls of random uselessness {unknown}
 v - a scroll of silence {unknown}
 x - a scroll of amnesia {unknown}
Potions
 f - a potion of ambrosia {unknown}
 h - a potion of heal wounds {unknown}
 j - 3 potions of degeneration {unknown}
 o - a potion of curing {unknown}
 p - 3 potions of attraction {unknown}
 u - a potion of magic {unknown}


   Skills:
 * Level 5.5 Fighting
 * Level 6.6 Maces & Flails
 * Level 5.1 Armour
 * Level 3.0 Dodging
 + Level 0.2 Stealth


You had 7 spell levels left.
You didn't know any spells.
Your spell library was empty.

Dungeon Overview and Level Annotations

Branches:
Dungeon (5/15)
 Temple: D:4-7

Altars:
Fedhas
Wu Jian


Innate Abilities, Weirdness & Mutations

You are resistant to torment.
Your stone body is resilient. (AC +5)
You are immune to poison.
You resist negative energy. (rN+)
You are resistant to electric shocks. (rElec)
You can survive without breathing.
You are immune to petrification.
You are immune to miasma.


Message History

The orc wizard points at you and mumbles some strange words.
The puff of frost misses you.
The orc priest calls down the wrath of Beogh upon you.
Beogh smites you!
* * * LOW HITPOINT WARNING * * *
The ogre closely misses you.
A red film seems to cover your vision as you go berserk!
You feel yourself moving faster!
You feel mighty!
The orc wizard hits you but does no damage. x2
You barely miss the ogre.
The ogre is heavily wounded.
The ogre barely misses you.
You completely miss the ogre.
The ogre is heavily wounded.
The orc wizard hits you but does no damage.
You barely miss the ogre.
The ogre is heavily wounded.
The orc wizard begins to cast a cantrip, but forgets the words!
The ogre hits you with a +0 giant spiked club!!
You die...

#.#.####...#.#
########....####.##.#
.........#.#.###.##.#
#######..#.##)##.##.###
#.......##.##...###
#..#.##<##.#.###.##
######.#.#..##..## ##(.
##....Zo........## ##.
.....oO@#...÷...# #.
.....##.###..##.## ##.
.... #.# #..##..## ##..
... #.###[.##...###.##
.. #......#####...## .
O....##.### ##.##
...######.# #.# #.#
#.########.# #.#
#........#.#


You could see an ogre, an orc priest, an orc wizard (fast) and a centaur
skeleton.

Vanquished Creatures
  Duvessa (D:4)
  An ogre (D:4)
  A centaur (D:5)
  Dowan (D:4)
  2 scorpions (D:5)
  2 bullfrog skeletons (D:4)
  An orc priest (D:3)
  5 orc wizards
  3 worker ants
  A worker ant zombie (D:5)
  5 adders
  A howler monkey skeleton (D:5)
  2 shadow imps (D:5)
  A white imp (D:5)
  An ufetubus (D:5)
  A worm (D:2)
  5 dart slugs
  2 leopard geckos
  17 orcs
  7 giant cockroaches
  5 goblins
  6 hobgoblins
  A quokka (D:5)
  A ball python (D:1)
  5 bats (D:1)
  A frilled lizard (D:4)
  11 kobolds
  8 rats
98 creatures vanquished.

Notes
Turn   | Place    | Note
-------+----------+-------------------------------------------
     0 | D:1      | ratatacist the Gargoyle Berserker began the quest for the
                  | Orb.
     0 | D:1      | Reached XP level 1. HP: 14/14 MP: 1/1
   350 | D:1      | Reached XP level 2. HP: 19/19 MP: 2/2
   718 | D:2      | Reached XP level 3. HP: 17/24 MP: 3/3
  1033 | D:2      | Reached ** piety under Trog
  1197 | D:2      | Reached XP level 4. HP: 29/29 MP: 4/4
  1599 | D:3      | Found a blossoming altar of Fedhas.
  1844 | D:3      | Reached skill level 4 in Maces & Flails
  1850 | D:3      | Reached XP level 5. HP: 18/34 MP: 5/5
  2376 | D:3      | Found an ornate altar of the Wu Jian Council.
  2537 | D:4      | Reached XP level 6. HP: 23/39 MP: 6/6
  2555 | D:4      | Reached skill level 5 in Maces & Flails
  2743 | D:4      | Noticed Duvessa
  2743 | D:4      | Noticed Dowan
  2753 | D:4      | Killed Dowan
  2761 | D:4      | Killed Duvessa
  2762 | D:4      | Reached XP level 7. HP: 35/44 MP: 7/7
  3023 | D:4      | Reached skill level 5 in Fighting
  3023 | D:4      | Reached skill level 6 in Maces & Flails
  3492 | D:5      | Entered Level 5 of the Dungeon
  3709 | D:5      | Reached *** piety under Trog
  3722 | D:5      | Reached skill level 5 in Armour
  3843 | D:5      | Reached XP level 8. HP: 49/50 MP: 8/8
  4101 | D:5      | HP: 1/50 [orc priest/divine providence (11)]
  4105 | D:5      | Mangled by an ogre

Illustrated notes

Levels and vault maps discovered:
D:1:      arrival_zaba_pyramid, layout_basic
D:2:      layout_loops_ring
D:3:      layout_loops_ring, nzn_wu_jian_council_hall, fedhas_altar_1
D:4:      layout_rooms, uniq_duvessa
D:5:      layout_loops_ring, kennysheep_generic_room_5

Skill      XL: |  1  2  3  4  5  6  7 |
---------------+----------------------+-----
Fighting       | 4 5 |  5.5
Dodging        | 2 3 |  3.0
Maces & Flails | 4 5 6 |  6.6
Armour         | 3 4 5 |  5.1
Stealth        | |  0.2

Action                   |  1- 3 |  4- 6 |  7- 9 || total
-------------------------+-------+-------+-------++-------
Melee: Mace              |    99 |   157 |   176 ||   432
Invok: Berserk           |     1 |     2 |     1 ||     4
       Trog's Hand       |     1 |     2 |     1 ||     4
  Use: Scroll            |     3 |       |       ||     3
Armor: Ring mail         |    39 |       |       ||    39
       Scale mail        |    22 |    20 |       ||    42
       Chain mail        |       |   123 |   112 ||   235
Dodge: Dodged            |    70 |    75 |   101 ||   246
